 Dungeon Crawl Stone Soup version 0.31-a0-844-gdc52ec4e09 (webtiles) character file.

Game seed: 6329836833301314226

163 lunkers the Insei (level 6, -5/37 HPs)
             Began as a Meteoran Shapeshifter on Sept 29, 2023.
             Killed by an exploding butterfly (30 damage)
             ... ignited by their inner flame
             ... in an ossuary.
             The game lasted 00:04:17 (1172 turns).

lunkers the Insei (Meteoran Shapeshifter)           Turns: 1172, Time: 00:04:18

Health: -5/37      AC:  6    Str: 16    XL:     6   Next: 3%
Magic:  7/7        EV: 16    Int: 11    God:
Gold:   84         SH:  0    Dex: 16    Spells: 5/5 levels left

rFire   . .          .
                       - Unarmed
rCold   . . .        (shield currently unavailable)
rNeg    . . .        o - +0 ring mail
rPois   .            (no helmet)
rElec   .            (no cloak)
rCorr   .            n - +0 pair of gloves
SInv    .            (no boots)
Will    .....        (no amulet)
Stlth   +            m - +5 ring of evasion
HPRegen 0.26/turn    (no ring)
MPRegen 0.10/turn

%: no passive effects
@: flux-form, weak-willed, glowing
A: glow, contaminating, reduced hp, sense surroundings 1, otherworldly, glowing,
explore regen
a: Begin Untransformation


You were in an ossuary.
You were something dangerously unstable.
You visited 1 branch of the dungeon, and saw 4 of its levels.
You also visited: Ossuary.

You collected 84 gold pieces.

Inventory:

Armour
 a - a +0 animal skin
 n - a +0 pair of gloves (worn)
 o - a +0 ring mail (worn)
Jewellery
 m - a +5 ring of evasion (left hand)
Talismans
 c - a beast talisman
 d - a flux talisman (active)
Scrolls
 j - a scroll of enchant weapon
 t - a scroll of enchant armour {unknown}
 w - a scroll of fear {unknown}
Potions
 b - a potion of lignification
 h - 2 potions of brilliance
 p - 2 potions of degeneration {unknown}
 r - 4 potions of curing
 s - a potion of might {unknown}
 u - 2 potions of heal wounds {unknown}
 v - a potion of berserk rage {unknown}


   Skills:
 - Level 1.1 Fighting
 - Level 2.1 Dodging
 * Level 6.2 Unarmed Combat
 + Level 4.9 Shapeshifting


You had 5 spell levels left.
You didn't know any spells.
Your spell library contained the following spells:

 Spells                   Type           Power      Damage    Failure   Level
 Sublimation of Blood     Necr           0%         N/A       71%         2
 Wereblood                Tmut           0%         N/A       71%         2
 Dazzling Flash           Conj/Hex       0%         N/A       90%         3
 Agony                    Necr           0%         N/A       100%        5
 Silence                  Hex/Air        0%         N/A       100%        5
 Summon Hydra             Summ           0%         N/A       100%        7


Dungeon Overview and Level Annotations

Branches:
Dungeon (4/15) Zot: 1454  Ossuary (1/1) Zot: 389
 Temple: D:4-7

Altars:

Shops:
D:2 :


Innate Abilities, Weirdness & Mutations

You are something dangerously unstable.
You glow with magical radiation, making you easy to see and hit.
Foes you strike become dangerously contaminated with magical radiation.
Your maximum health is decreased, since you lack skill for your form.
You are incapable of wielding weapons or throwing items.
You passively map a small area around you.
You are easily found by Zot.
You glow in the dark.
You regain HP and MP as you explore.


Message History

Your butterfly disappears in a burst of colours!
Your butterfly explodes!
The fiery explosion engulfs your butterfly!!
Your butterfly disappears in a burst of colours!
The fiery explosion engulfs your butterfly!!
Your butterfly disappears in a burst of colours!
Your butterfly explodes!
The fiery explosion engulfs your butterfly!!
Your butterfly disappears in a burst of colours!
The fiery explosion engulfs your butterfly!
Your butterfly disappears in a burst of colours!
Your butterfly explodes!
The fiery explosion engulfs your butterfly!
Your butterfly disappears in a burst of colours!
The fiery explosion engulfs your butterfly!!
Your butterfly disappears in a burst of colours!
The fiery explosion engulfs your butterfly!!
Your butterfly disappears in a burst of colours!
Your butterfly explodes!
The fiery explosion engulfs your butterfly!!
Your butterfly disappears in a burst of colours!
The fiery explosion engulfs your butterfly!!
Your butterfly disappears in a burst of colours!
Your butterfly explodes!
The fiery explosion engulfs your butterfly!!
Your butterfly disappears in a burst of colours!
The fiery explosion engulfs your butterfly!
Your butterfly disappears in a burst of colours!
Your butterfly explodes! x2
The fiery explosion engulfs you!
The fiery explosion engulfs your butterfly!!
Your butterfly disappears in a burst of colours!
Your butterfly explodes!
The fiery explosion engulfs your butterfly!!
Your butterfly disappears in a burst of colours!
The fiery explosion engulfs your butterfly!!
Your butterfly disappears in a burst of colours!
The fiery explosion engulfs you!!
Ouch! That really hurt!
You die...

##...## ##
######§§§######
#
#######§#######
#
######§§§######
#
######§§§######
#
######b§§######
#
######b§§######
#
#####bb§§§#####
##
#####b§p§§#####
#.
#####b§§§§#####
#.
###############
##
###############
###############
###############
###############
###############


There were no monsters in sight!

Vanquished Creatures
  A human zombie (Ossuary)
  An orc wizard (D:4)
  3 mummies (Ossuary)
  An adder (D:3)
  3 adder zombies (Ossuary)
  A worm (D:2)
  4 orcs
  A ball python (D:1)
  2 endoplasms
  4 giant cockroaches
  A gnoll zombie (Ossuary)
  2 goblins
  2 hobgoblins (D:1)
  2 kobolds
  3 quokkas
  7 bats
  2 frilled lizards
  3 goblin zombies (Ossuary)
  2 hobgoblin zombies (Ossuary)
  3 kobold zombies (Ossuary)
  3 quokka zombies (Ossuary)
  A rat (D:1)
  2 rat zombies (Ossuary)
54 creatures vanquished.

Notes
Turn   | Place    | Note
-------+----------+-------------------------------------------
     0 | D:1      | lunkers the Meteoran Shapeshifter began the quest for the
                  | Orb.
     0 | D:1      | Reached XP level 1. HP: 16/16 MP: 2/2
   136 | D:1      | Reached XP level 2. HP: 23/23 MP: 3/3
   146 | D:1      | Reached skill level 4 in Unarmed Combat
   250 | D:2      | Reached XP level 3. HP: 26/28 MP: 4/4
   419 | D:2      | Found Tunk's Book Emporium.
   708 | D:3      | Reached XP level 4. HP: 15/35 MP: 5/5
   913 | D:3      | Reached skill level 5 in Unarmed Combat
   931 | D:4      | Found a sand-covered staircase.
   955 | Ossuary  | Entered an ossuary
   961 | Ossuary  | Reached XP level 5. HP: 31/40 MP: 6/6
   968 | Ossuary  | HP: 1/40 [mummy (5)]
  1027 | Ossuary  | Reached skill level 6 in Unarmed Combat
  1105 | Ossuary  | Reached XP level 6. HP: 37/47 MP: 7/7
  1172 | Ossuary  | Killed by an exploding butterfly... ignited by their inner
                  | flame

Illustrated notes

Levels and vault maps discovered:
D:1:      dpeg_arrival_solitude, layout_loops_cross
D:2:      layout_loops_cross, serial_shops, shop
D:3:      minmay_door_path, layout_loops_corners, kennysheep_generic_room_2
D:4:      layout_loops_corners, jmf_multi_god_temple2, serial_shops, shop,
          enter_ossuary_1
Ossuary:  ossuary_minmay_chase

Skill      XL: |  1  2  3  4  5 |
---------------+----------------+-----
Unarmed Combat | 4 5 6 |  6.2
Shapeshifting  | 4 |  4.9
Fighting       | |  1.1
Dodging        | |  2.1

Action                     |  1- 3 |  4- 6 || total
---------------------------+-------+-------++-------
  Melee: Unarmed           |    81 |    90 ||   171
         Punch             |     1 |     5 ||     6
    Use: Scroll            |       |     9 ||     9
 Armour: Animal skin       |    48 |     4 ||    52
         Ring mail         |       |    32 ||    32
  Dodge: Dodged            |    53 |    37 ||    90
   Form: Flux              |       |     1 ||     1

Table legend: (Time is in decaauts)
 A = Elapsed time spent in this place.
 B = Non-inter-level travel time spent in this place.
 C = Inter-level travel time spent in this place.
 D = Time resting spent in this place.
 E = Time spent auto-exploring this place.
 F = Levels seen in this place.
 G = Mean time per level.
                   A        B        C        D        E       F      G
               +--------+--------+--------+--------+--------+-----+--------+
         Total |   1154 |   1138 |     16 |      0 |    715 |   5 |  230.8 |
       Dungeon |    945 |    929 |     16 |      0 |    662 |   4 |  236.2 |
       Ossuary |    209 |    209 |      0 |      0 |     53 |   1 |  209.0 |
               +--------+--------+--------+--------+--------+-----+--------+

Top non-repeatable levels by time:
     D:3: 443 daAuts
     D:2: 245 daAuts
     D:1: 234 daAuts
 Ossuary: 209 daAuts
     D:4: 22 daAuts
